 Dungeon Crawl Stone Soup version 0.31-a0-640-g39d97e502b (webtiles) character file.

Game seed: 11694678575667561120

128 Ekaitz the Digger (level 5, -1/32 HPs)
             Began as an Octopode Earth Elementalist on Aug 28, 2023.
             Was an Initiate of Kikubaaqudgha.
             Slain by an orc wizard
             ... wielding a +0 dagger
              (5 damage)
             ... on level 3 of the Dungeon.
             The game lasted 00:06:23 (2655 turns).

Ekaitz the Digger (Octopode Earth Elementalist)     Turns: 2655, Time: 00:06:23

Health: -1/32      AC:  1    Str:  7    XL:     5   Next: 11%
Magic:  1/8        EV: 13    Int: 18    God:    Kikubaaqudgha [......]
Gold:   172        SH:  0    Dex: 14    Spells: 2/8 levels left

rFire   . . .        c - +0 short sword
rCold   . . .        (no shield)
rNeg    . . .        (helmet restricted)
rPois   .            (no amulet)
rElec   .            p - ring of wizardry
rCorr   .            (no ring)
SInv    .            (no ring)
Will    .....        (no ring)
Stlth   ++           (no ring)
HPRegen 0.25/turn    (no ring)
MPRegen 0.11/turn    (no ring)
                     (no ring)

%: wizardry (x1)
@: confused, mighty, brilliant
A: almost no armour, amphibious, 8 rings, camouflage 1, gelatinous body 1,
(nimble swimmer 1), tentacles
a: Renounce Religion


You were on level 3 of the Dungeon.
You worshipped Kikubaaqudgha.
Kikubaaqudgha was noncommittal.
You visited 1 branch of the dungeon, and saw 3 of its levels.

You collected 172 gold pieces.

Inventory:

Hand Weapons
 c - a +0 short sword (weapon)
 o - a +0 dagger
Missiles
 d - 6 boomerangs
Magical Staves
 n - a staff of air
Jewellery
 p - a ring of wizardry (left tentacle)
Scrolls
 b - a scroll of amnesia {unknown}
 e - a scroll of torment {unknown}
 j - a scroll of identify {unknown}
 k - a scroll of vulnerability {unknown}
 l - a scroll of immolation {unknown}
 r - a scroll of enchant armour {unknown}
 s - a scroll of fear {unknown}
Potions
 a - a potion of magic
 f - a potion of might
 h - a potion of mutation {unknown}
 i - a potion of haste {unknown}
 m - a potion of lignification {unknown}
 q - a potion of degeneration {unknown}


   Skills:
 + Level 0.6 Fighting
 + Level 0.2 Short Blades
 + Level 2.0 Dodging
 + Level 3.5 Stealth
 + Level 0.3 Unarmed Combat
 + Level 2.2 Spellcasting
 * Level 1.9 Conjurations
 * Level 1.3 Necromancy
 + Level 1.5 Transmutations
 * Level 3.9 Earth Magic


You had 2 spell levels left.
You knew the following spells:

 Your Spells              Type           Power      Damage    Failure   Level
a - Sandblast             Erth           48%        2d12      1%          1
b - Passwall              Tmut/Erth      14%        N/A       3%          2
c - Stone Arrow           Conj/Erth      36%        3d9       6%          3

Your spell library contained the following spells:

 Spells                   Type           Power      Damage    Failure   Level
 Petrify                  Tmut/Erth      17%        N/A       22%         4


Dungeon Overview and Level Annotations

Branches:
Dungeon (3/15)

Altars:
Dithmenos
Elyvilon
Kikubaaqudgha

Annotations:
D:3 Grinder


Innate Abilities, Weirdness & Mutations

You cannot wear most types of armour.
You are amphibious.
You can wear up to eight rings at the same time.
Your skin changes colour to match your surroundings (Stealth+).
Your rubbery body absorbs attacks. (AC +1, EV +1)
((You are camouflaged when in or above water. (Stealth+)))
You have tentacles for arms and can constrict up to eight enemies at once.


Message History

You kill the orc!
Kikubaaqudgha accepts your kill. Something hits you.
Casting: Sandblast (safe; 1% risk of failure)
Confirm with . or Enter, or press ? or * to list all spells.
Aiming: Stone Arrow (quite dangerous; 9% risk of failure)
Press: ? - help, Shift-Dir - straight line, f - orc wizard
Aim: an orc wizard, wielding a +0 dagger and wearing a +0 robe (heavily wounded, 60% to hit)
The stone arrow hits the orc wizard!
You kill the orc wizard!
Kikubaaqudgha accepts your kill. Something completely misses you.
You have reached level 5!
You feel clever.
Casting: Stone Arrow (dangerous; 6% risk of failure)
Confirm with . or Enter, or press ? or * to list all spells.
You don't have enough magic to cast this spell.
You miss something.
Your tentacle-slap misses something.
You hear some strange, mumbled words.
A puff of flame appears from out of thin air!
The puff of flame hits you!
It was a potion of might.
You feel very mighty all of a sudden. Something hits you.
* * * LOW HITPOINT WARNING * * *
Your magical contamination has completely faded away.
You barely miss something. Your squeeze misses something. Something hits you.
* * * LOW HITPOINT WARNING * * *
You barely miss something.
You hear some strange, mumbled words.
You are confused.
You bump into the rock wall.
Something hits you.
* * * LOW HITPOINT WARNING * * *
You bump into the rock wall.
Something hits you.
* * * LOW HITPOINT WARNING * * *
It was a potion of brilliance.
You feel clever all of a sudden. Something hits you.
You die...
Kikubaaqudgha rasps: "You have failed me!
Welcome... death!"

##### #...# #.o.#
####### #...# ###
......#
#..o#####.♣♣♣♣♣♣♣
......#
#..o{@.##.♣.....♣
.)†...#
#..g##.##.♣.._..♣
......#
#...##..#.♣♣...♣♣#####
......##
#...###...........#...
.......# .)...#
##..........#...
.....#.# #.#####
#..........#...
#.####.###.
####.............
....##...###
.......).##...##.
#.###..#...###
##...#........<..


You could see 2 orcs and a hobgoblin.

Vanquished Creatures
  An orc wizard (D:3)
  4 adders (D:3)
  2 worms
  A dart slug (D:3)
  An orc (D:3)
  2 ball pythons
  2 endoplasms
  5 giant cockroaches
  8 goblins
  7 hobgoblins
  4 jackals (D:2)
  8 kobolds
  3 bats
  4 frilled lizards
  3 rats (D:3)
55 creatures vanquished.

Notes
Turn   | Place    | Note
-------+----------+-------------------------------------------
     0 | D:1      | Ekaitz the Octopode Earth Elementalist began the quest for
                  | the Orb.
     0 | D:1      | Reached XP level 1. HP: 11/11 MP: 3/3
   169 | D:1      | Found a faded altar of an unknown god.
   199 | D:1      | Reached XP level 2. HP: 17/17 MP: 5/5
   215 | D:1      | Learned a level 2 spell: Passwall
  1144 | D:2      | Reached XP level 3. HP: 22/22 MP: 3/6
  1148 | D:2      | Learned a level 3 spell: Stone Arrow
  1291 | D:2      | Found a white marble altar of Elyvilon.
  1929 | D:3      | Found an ancient bone altar of Kikubaaqudgha.
  1946 | D:3      | Became a worshipper of Kikubaaqudgha
  2022 | D:3      | Found a shadowy altar of Dithmenos.
  2139 | D:3      | Reached XP level 4. HP: 19/27 MP: 7/7
  2284 | D:3      | Reached skill level 1 in Necromancy
  2491 | D:3      | Noticed Grinder
  2556 | D:3      | Reached skill level 1 in Conjurations
  2649 | D:3      | Reached XP level 5. HP: 19/32 MP: 0/8
  2655 | D:3      | Slain by an orc wizard

Illustrated notes

Levels and vault maps discovered:
D:1:      dpeg_arrival_tiny_h, layout_loops_ring, ebering_ecumenical_altar_ruins
D:2:      layout_basic, basic_altar
D:3:      minmay_skewed_foursquare, layout_rooms, general_overflow_altar,
          mainiacjoe_overflow_alcove_1, mainiacjoe_overflow_six_doors_small,
          uniq_grinder

Skill      XL: |  1  2  3  4 |
---------------+-------------+-----
Stealth        | 3 |  3.5
Necromancy     | 1 |  1.3
Conjurations   | 1 |  1.9
Fighting       | |  0.6
Short Blades   | |  0.2
Dodging        | |  2.0
Unarmed Combat | |  0.3
Spellcasting   | |  2.2
Transmutations | |  1.5
Earth Magic    | |  3.9

Action                     |  1- 3 |  4- 6 || total
---------------------------+-------+-------++-------
  Melee: Short sword       |    43 |    17 ||    60
         Constrict         |    11 |       ||    11
         Tentacles         |     7 |     2 ||     9
         Punch             |     1 |       ||     1
   Cast: Sandblast         |    18 |     6 ||    24
         Passwall          |     6 |     1 ||     7
         Stone Arrow       |     1 |     6 ||     7
    Use: Potion            |       |     2 ||     2
   Stab: Sleeping          |    12 |     7 ||    19
 Armour: Skin              |     4 |       ||     4
  Dodge: Dodged            |    33 |    12 ||    45

Table legend: (Time is in decaauts)
 A = Elapsed time spent in this place.
 B = Non-inter-level travel time spent in this place.
 C = Inter-level travel time spent in this place.
 D = Time resting spent in this place.
 E = Time spent auto-exploring this place.
 F = Levels seen in this place.
 G = Mean time per level.
                   A        B        C        D        E       F      G
               +--------+--------+--------+--------+--------+-----+--------+
         Total |   2664 |   2545 |    119 |     23 |   2028 |   3 |  888.0 |
       Dungeon |   2664 |   2545 |    119 |     23 |   2028 |   3 |  888.0 |
               +--------+--------+--------+--------+--------+-----+--------+

Top non-repeatable levels by time:
     D:2: 1147 daAuts
     D:1: 787 daAuts
     D:3: 728 daAuts
